 Dungeon Crawl Stone Soup version 0.17.1-1-g73c8601 (webtiles) character file.

120 Flanowski the Poker (level 5, -1/41 HPs)
             Began as a Merfolk Gladiator on Jan 3, 2016.
             Killed by divine providence
             ... invoked by an orc priest
              (11 damage)
             ... on level 3 of the Dungeon.
             The game lasted 00:03:33 (1974 turns).

Flanowski the Poker (Merfolk Gladiator)             Turns: 1974, Time: 00:03:33

Health: -1/41      AC: 11    Str: 16    XL:     5   Next: 4%
Magic:  5/5        EV:  6    Int:  8    God:
Gold:   148        SH:  0    Dex: 14    Spells: 0 memorised, 4 levels left

rFire  . . .     SeeInvis .     a - +0 trident
rCold  . . .     Clarity  .     p - +0 plate armour
rNeg   . . .     SustAt   .     (no shield)
rPois  .         Gourm    +     c - +0 helmet
rElec  .         Spirit   .     (no cloak)
rCorr  .         Warding  .     (no gloves)
rMut   .         Stasis   .     (no boots)
MR     .....                    s - amulet of the gourmand
Stlth  ..........               (no ring)
                                (no ring)

@: not resistant to hostile enchantments, extremely unstealthy
A: change form in water, swift swim
a: no special abilities


You were on level 3 of the Dungeon.
You were hungry.

You visited 1 branch of the dungeon, and saw 4 of its levels.

You collected 148 gold pieces.

Inventory:

Hand Weapons
 a - a +0 trident (weapon)
Missiles
 d - 3 throwing nets (quivered)
Armour
 c - a +0 helmet (worn)
 p - a +0 plate armour (worn)
Jewellery
 s - an amulet of the gourmand (around neck)
Wands
 r - a wand of random effects (21)
Scrolls
 f - a scroll of magic mapping {unknown}
 k - a scroll of recharging {unknown}
 m - 4 scrolls of identify {unknown}
 o - a scroll of remove curse {unknown}
 t - a scroll of enchant weapon {unknown}
 w - 3 scrolls of random uselessness {unknown}
Potions
 b - a potion of haste {unknown}
 h - 2 potions of lignification {unknown}
 i - a potion of ambrosia {unknown}
 j - a potion of might {unknown}
 l - a potion of degeneration {unknown}
 n - 2 potions of heal wounds {unknown}
 q - a potion of mutation {unknown}
 v - a potion of brilliance {unknown}
 x - a potion of curing {unknown}
Comestibles
 e - 4 bread rations
 g - 4 fruits
 u - a meat ration


   Skills:
 * Level 3.4 Fighting
 + Level 5.5 Polearms
 + Level 2.2 Throwing
 * Level 1.5 Armour
 - Level 4.3 Dodging
 + Level 0.8 Stealth


You had 4 spell levels left.
You didn't know any spells.

Dungeon Overview and Level Annotations

Branches:
Dungeon (4/15)
 Temple: D:4-7

Altars:
Gozag
Sif Muna
Trog
Xom
Yredelemnul


Message History

Your plate armour prevents you from hitting the orc priest.
The orc priest is severely wounded.
The orc priest hits you but does no damage.
You hit the orc priest.
The orc priest is severely wounded.
The orc priest hits you with a flail!
* * * LOW HITPOINT WARNING * * *
You closely miss the orc priest.
The orc priest is severely wounded.
The orc priest barely misses you.
Your plate armour prevents you from hitting the orc priest.
The orc priest is severely wounded.
The orc priest barely misses you.
You hit the orc priest but do no damage.
The orc priest is severely wounded.
You closely miss the orc priest.
The orc priest is severely wounded.
The orc priest calls down the wrath of Beogh upon you.
Something smites you!
You die...

. .. .?. ?...
.....
......#####
......)o@.#
##....##).# #...
#$.......# #..
..........^
..........>.....
#######.....$..#
#........#
..........
..........


You could see an orc priest.

Vanquished Creatures
  An orc wizard (D:2)
  An orc priest (D:3)
  An adder (D:2)
  An ooze (D:2)
  A giant gecko (D:1)
  2 orcs (D:3)
  2 giant cockroaches
  8 hobgoblins
  3 kobolds
  5 bats
  2 giant newts (D:1)
  11 goblins
  9 rats
47 creatures vanquished.

Notes
Turn   | Place    | Note
--------------------------------------------------------------
     0 | D:1      | Flanowski the Merfolk Gladiator began the quest for the Orb.
     0 | D:1      | Reached XP level 1. HP: 16/16 MP: 1/1
   331 | D:1      | Reached XP level 2. HP: 17/22 MP: 2/2
   830 | D:2      | Found a bloodstained altar of Trog.
   868 | D:2      | Reached XP level 3. HP: 25/28 MP: 3/3
   955 | D:2      | Found an opulent altar of Gozag.
   968 | D:2      | You fall through a shaft for 2 floors!
  1097 | D:2      | Reached skill level 5 in Polearms
  1260 | D:2      | Found a shimmering altar of Xom.
  1260 | D:2      | Found a basalt altar of Yredelemnul.
  1277 | D:2      | Found a deep blue altar of Sif Muna.
  1579 | D:2      | Reached skill level 1 in Armour
  1579 | D:2      | Reached XP level 4. HP: 13/35 MP: 4/4
  1815 | D:3      | Reached XP level 5. HP: 23/41 MP: 5/5
  1974 | D:3      | Killed from afar by an orc priest

Action                   |  1- 3 |  4- 6 || total
-------------------------+-------+-------++-------
Melee: Trident           |   141 |    41 ||   182
 Stab: Sleeping          |     1 |       ||     1
  Eat: Chunk             |     5 |       ||     5
